 Dungeon Crawl Stone Soup version 0.31-a0-1074-g0b22e4e0f1 (webtiles) character file.

Game seed: 11896782317267082761

1066 tbh1313 the Cleaver (level 8, -2/100 HPs)
             Began as a Minotaur Berserker on Dec 1, 2023.
             Was a Priest of Trog.
             Succumbed to a hornet's poison
             ... on level 5 of the Dungeon.
             The game lasted 00:08:06 (3814 turns).

tbh1313 the Cleaver (Minotaur Berserker)            Turns: 3814, Time: 00:08:07

Health: -2/100     AC: 28    Str: 29    XL:     8   Next: 7%
Magic:  7/7        EV:  2    Int:  6    God:    Trog [***...]
Gold:   249        SH:  0    Dex:  9    Spells: 7/7 levels left

rFire   . . .        a - +5 hand axe (freeze)
rCold   . . .        (no shield)
rNeg    . . .        e - melded +0 chain mail
rPois   +            (helmet currently unavailable)
rElec   .            u - melded +2 cloak
rCorr   .            (gloves currently unavailable)
SInv    .            (boots currently unavailable)
Will    .....        (no amulet)
Stlth   +            i - +6 ring of strength
HPRegen 0.36/turn    r - +4 ring of protection
MPRegen 0.10/turn

%: no passive effects
@: mighty, lethally poisoned (-2 -> -11), tree-form, on berserk cooldown,
slowed, very slow
A: stationary, stasis, torment immunity, boosted hp, (horns 2), (retaliatory
headbutt)
a: Renounce Religion, Berserk, Trog's Hand


You were on level 5 of the Dungeon.
You worshipped Trog.
Trog was most pleased with you.
You were a tree.
You visited 1 branch of the dungeon, and saw 5 of its levels.

You collected 249 gold pieces.

Inventory:

Hand Weapons
 a - a +5 hand axe of freezing (weapon)
 b - a +0 sling
Armour
 e - a +0 chain mail (melded)
 u - a +2 cloak (melded)
Jewellery
 g - a +6 ring of dexterity
 i - a +6 ring of strength (left branch)
 k - a ring of poison resistance
 p - a +6 ring of strength
 r - a +4 ring of protection (right branch)
Wands
 q - a wand of light (5)
Scrolls
 c - 3 scrolls of fog
 h - a scroll of enchant armour {unknown}
 l - a scroll of vulnerability
 m - a scroll of revelation {unknown}
 o - a scroll of enchant weapon {unknown}
 v - a scroll of fear {unknown}
 w - a scroll of poison {unknown}
Potions
 f - a potion of degeneration
 n - a potion of haste
 s - a potion of might


   Skills:
 + Level 4.9 Fighting
 + Level 10.4 Axes
 - Level 4.0 Ranged Weapons
 - Level 2.4 Armour
 - Level 2.1 Dodging


You had 7 spell levels left.
You didn't know any spells.
Your spell library contained the following spells:

 Spells                   Type           Power      Damage    Failure   Level
 Simulacrum               Ice/Necr       0%         N/A       100%        6
 Ozocubu's Refrigeration  Ice            0%         4d7       100%        7
 Polar Vortex             Ice            0%         N/A       100%        9


Dungeon Overview and Level Annotations

Branches:
Dungeon (5/15)             Temple (0/1) D:4

Altars:
Elyvilon


Innate Abilities, Weirdness & Mutations

You are a tree.
Your roots penetrate the ground, keeping you stationary.
You cannot be teleported.
You are immune to unholy pain and torment.
Your maximum health is greatly increased.
Your equipment is partially melded.
((You have a pair of horns on your head.))
((You reflexively headbutt those who attack you in melee.))


Message History

You feel as though you will be slow longer.
The hornet barely misses you.
Your surroundings seem slightly different.
You feel very sick.
You can move again.
Okay, then.
You feel very mighty all of a sudden.
You feel very sick. The hornet stings you!
You feel as though you will be slow longer.
The hornet stings you.
* * * LOW HITPOINT WARNING * * *
You shrug off the repeated paralysis!
The hornet stings you but does no damage.
You slash the hornet! You freeze the hornet. Your headbutt misses the hornet.
The hornet is heavily wounded.
You feel very sick. The hornet stings you!
* * * LOW HITPOINT WARNING * * *
You are lethally poisoned!
You feel as though you will be slow longer.
It was a potion of berserk rage.
You're still recovering from your berserk rage.
* * * LOW HITPOINT WARNING * * *
You feel extremely sick.
The hornet stings you but does no damage.
The hornet stings you.
* * * LOW HITPOINT WARNING * * *
You feel as though you will be slow longer.
The hornet closely misses you.
You turn into a tree.
Your +2 cloak melds into your body.
Your +0 chain mail melds into your body.
Your roots penetrate the ground.
* * * LOW HITPOINT WARNING * * *
You feel very sick. The hornet barely misses you.
The hornet stings you but does no damage.
You barely miss the hornet.
The hornet is heavily wounded.
You die...

##########
#....#...
#.#..#..#
#.#..#..#
#.#..#♣.#
#.##.##y##
#..#..#))#
##.#..#††#
#.#..#..#
#.#.....#
#.########
#........#
#.######+#


You could see a hornet.

Levels and vault maps discovered:
D:1:      matt_arrival_spirals, layout_rooms,
          ebering_ecumenical_altar_abandoned, hex_large, fountainhead,
          minmay_pentomino_r4
D:2:      layout_basic, minivault_14
D:3:      layout_loops_corners
D:4:      minmay_spotlight, layout_loops_cross, nicolae_elyvilon_peaceful_grove,
          minmay_temple_entry_enclosed_plants, uniq_crazy_yiuf_cottage
D:5:      minmay_angry_zag, layout_basic, uniq_grinder

Notes
Turn   | Place    | Note
-------+----------+-------------------------------------------
     0 | D:1      | tbh1313 the Minotaur Berserker began the quest for the Orb.
     0 | D:1      | Reached XP level 1. HP: 19/19 MP: 0/0
   194 | D:1      | Reached skill level 4 in Axes
   194 | D:1      | Reached XP level 2. HP: 7/26 MP: 1/1
   345 | D:1      | Reached skill level 5 in Axes
   513 | D:1      | Reached XP level 3. HP: 29/31 MP: 2/2
   595 | D:1      | Found a faded altar of an unknown god.
   950 | D:2      | Reached ** piety under Trog
  1181 | D:2      | Reached XP level 4. HP: 39/39 MP: 3/3
  1593 | D:3      | Reached skill level 6 in Axes
  1593 | D:3      | Reached skill level 1 in Ranged Weapons
  2514 | D:4      | Found a staircase to the Ecumenical Temple.
  2574 | D:4      | Reached XP level 5. HP: 38/45 MP: 4/4
  2649 | D:4      | Reached skill level 7 in Axes
  2966 | D:4      | Found a runed translucent door.
  2967 | D:4      | Noticed Crazy Yiuf
  2972 | D:4      | Killed Crazy Yiuf
  2973 | D:4      | Reached XP level 6. HP: 51/51 MP: 5/5
  3101 | D:4      | Reached skill level 8 in Axes
  3188 | D:4      | Found a white marble altar of Elyvilon.
  3331 | D:5      | Entered Level 5 of the Dungeon
  3414 | D:5      | Reached skill level 9 in Axes
  3414 | D:5      | Reached XP level 7. HP: 39/57 MP: 6/6
  3497 | D:5      | Reached *** piety under Trog
  3698 | D:5      | Noticed Grinder
  3715 | D:5      | Killed Grinder
  3747 | D:5      | Reached skill level 10 in Axes
  3790 | D:5      | Reached XP level 8. HP: 67/67 MP: 7/7
  3804 | D:5      | Noticed a hornet
  3807 | D:5      | Paralysed by a hornet for 3 turns
  3812 | D:5      | HP: 3/67 [hornet (5)]
  3813 | D:5      | HP: 1/100 [poisoned by a hornet]
  3814 | D:5      | Succumbed to a hornet's poison

Table legend: (Time is in decaauts)
 A = Elapsed time spent in this place.
 B = Non-inter-level travel time spent in this place.
 C = Inter-level travel time spent in this place.
 D = Time resting spent in this place.
 E = Time spent auto-exploring this place.
 F = Levels seen in this place.
 G = Mean time per level.
                   A        B        C        D        E       F      G
               +--------+--------+--------+--------+--------+-----+--------+
         Total |   3849 |   3713 |    136 |    383 |   2796 |   5 |  769.8 |
       Dungeon |   3849 |   3713 |    136 |    383 |   2796 |   5 |  769.8 |
               +--------+--------+--------+--------+--------+-----+--------+

Top non-repeatable levels by time:
     D:2: 949 daAuts
     D:4: 932 daAuts
     D:3: 844 daAuts
     D:1: 636 daAuts
     D:5: 485 daAuts

Table legend:
 A = Kills in this place as a percentage of kills in the entire game.
 B = Kills by you in this place as a percentage of kills by you in the entire game.
 C = Kills by friends in this place as a percentage of kills by friends in the entire game.
 D = Other kills in this place as a percentage of other kills in the entire game.
 E = Experience gained in this place as a percentage of experience gained in the entire game.
 F = Experience gained in this place divided by the number of levels of this place that you have seen.
                   A       B       C       D       E      F
               +-------+-------+-------+-------+-------+----------------------
         Total | 100.0 | 100.0 |   N/A |   N/A | 100.0 | 304.6
       Dungeon | 100.0 | 100.0 |   N/A |   N/A | 100.0 | 304.6
               +-------+-------+-------+-------+-------+----------------------

Action                     |  1- 3 |  4- 6 |  7- 9 || total
---------------------------+-------+-------+-------++-------
  Melee: Hand axe          |    66 |   107 |    36 ||   209
         Headbutt          |     8 |    13 |     8 ||    29
         Punch             |       |     1 |       ||     1
   Fire: Sling             |       |     5 |     7 ||    12
 Invoke: Berserk           |     1 |     3 |     2 ||     6
  Evoke: Wand              |       |       |     1 ||     1
    Use: Scroll            |     3 |     5 |     1 ||     9
         Potion            |       |       |     3 ||     3
 Armour: Chain mail        |    38 |    80 |    26 ||   144
         Animal skin       |     1 |       |       ||     1
         Skin              |       |       |     1 ||     1
  Dodge: Dodged            |    24 |    34 |    19 ||    77

Vanquished Creatures
  Grinder (D:5)
  A black bear (D:4)
  2 ogres (D:5)
  2 wights (D:5)
  A howler monkey (D:3)
  A gnoll bouda (D:5)
  A hound (D:5)
  A jelly (D:5)
  An orc priest (D:4)
  2 iguanas (D:5)
  Crazy Yiuf (D:4)
  A sleepcap (D:4)
  An orc wizard (D:4)
  9 gnolls
  5 adders
  A worm (D:4)
  2 dart slugs (D:4)
  4 orcs
  4 bats
  8 endoplasms
  4 giant cockroaches
  5 goblins
  6 hobgoblins
  4 jackals
  2 quokkas
  8 ball pythons
  4 frilled lizards
  8 kobolds
  5 rats
95 creatures vanquished.
